[Event "IV Elllobregat Open Chess Tmnt"]
[Site "Sant Boi de Llobregat, Spain"]
[Date "2023.12.03"]
[Round "4.31"]
[White "Seo, Jung Min"]
[Black "Bakhrillaev, Bakhrom"]
[Result "1-0"]
[TimeControl "90min/40moves + 15min/end + 30sec from move 1"]
[WhiteFideId "1734687"]
[BlackFideId "14212285"]
[WhiteElo "2480"]
[BlackElo "2332"]

1. d4 Nf6 2. c4 g6 3. Nc3 Bg7 4. e4 d6 5. Be2 O-O 6. h4 c5 7. d5 b5 8. cxb5 a6 9. a4 axb5 10. Bxb5 Qa5 11. Bd2 Ba6 12. Ra3 Nbd7 13. Nf3 Bxb5 14. Nxb5 Qb6 15. Qc2 c4 16. O-O Nc5 17. Be3 Ng4 18. Bd4 Bxd4 19. Nfxd4 Ne5 20. h5 Rfc8 21. hxg6 fxg6 22. Nc6 Nxc6 23. dxc6 Qxc6 24. Qxc4+ e6 25. Re1 d5 26. exd5 Qxd5 27. Qxd5 exd5 28. Rc1 Na6 29. Rxc8+ Rxc8 30. Rc3 Re8 31. Kf1 Re4 32. b3 Kg7 33. f3 Rh4 34. Kg1 Rh5 35. Rc6 Nb4 36. Rb6 Re5 37. Nd4 Re1+ 38. Kh2 Nd3 39. a5 Ra1 40. a6 Nc5 41. Ne6+ Nxe6 42. Rxe6 Kf7 43. Rc6 Rb1 44. a7 Ra1 45. Rc7+ Ke6 46. Kg3 h5 47. b4 Kd6 48. Rg7 Kc6 49. Rxg6+ Kb5 50. Rd6 Kc4 51. Rd7 d4 52. b5 Kxb5 53. Rxd4 Rxa7 54. Rd5+ Kc6 55. Rxh5 Rg7+ 56. Kf2 Kd6 57. g4 Ke6 58. Kg3 Ra7 59. Rb5 Kf6 60. Rb6+ Kg7 61. g5 Ra4 62. f4 Kf7 63. Kg4 Kg7 64. Rd6 Kf7 65. g6+ Kg7 66. Kg5 Ra5+ 67. f5 Ra1 68. Rd7+ Kf8 69. Rb7 Ra2 70. Rb8+ 1-0

[Event "IV Elllobregat Open Chess Tmnt"]
[Site "Sant Boi de Llobregat, Spain"]
[Date "2023.12.03"]
[Round "4.32"]
[White "Sorensen, Hampus"]
[Black "Hulka, Valentyn"]
[Result "1/2-1/2"]
[TimeControl "90min/40moves + 15min/end + 30sec from move 1"]
[WhiteFideId "8703884"]
[BlackFideId "34107061"]
[WhiteElo "2479"]
[BlackElo "2310"]

1. d4 Nf6 2. c4 e6 3. Bf4 d5 4. cxd5 exd5 5. e3 c6 6. Bd3 Bg4 7. Ne2 Bd6 8. f3 Bxf4 9. exf4 Bc8 10. Nbc3 a5 11. g4 h5 12. g5 Ng8 13. h4 Ne7 14. Ng3 Qd6 15. Nce2 g6 16. Qc2 Na6 17. a3 Nc7 18. Qd2 Ne6 19. Qe3 Ng7 20. Qe5 Qxe5 21. fxe5 Bf5 22. Nxf5 Nexf5 23. Kf2 Kd7 24. Rad1 Rhe8 25. Rd2 Ke7 26. Bb1 Kd7 27. Ng3 Ke6 28. Ba2 Kd7 29. Bb3 Ra6 30. Bc2 Ke6 31. Bd3 Rb6 32. Bf1 Ke7 33. Nxf5+ Nxf5 34. Bh3 Ke6 35. Rc1 Rb3 36. Rc3 Rxc3 37. bxc3 a4 38. Rb2 b5 39. Ke2 Kxe5 1/2-1/2

[Event "IV Elllobregat Open Chess Tmnt"]
[Site "Sant Boi de Llobregat, Spain"]
[Date "2023.12.03"]
[Round "4.33"]
[White "Lucas, Arthur"]
[Black "Gines Esteo, Pedro Antonio"]
[Result "1/2-1/2"]
[TimeControl "90min/40moves + 15min/end + 30sec from move 1"]
[WhiteFideId "26093073"]
[BlackFideId "32080190"]
[WhiteElo "2316"]
[BlackElo "2471"]

1. e4 c6 2. d4 d5 3. f3 e6 4. Nc3 b6 5. Be3 Ba6 6. Bxa6 Nxa6 7. Qe2 Nc7 8. Nh3 Bb4 9. O-O Ne7 10.
Nd1 Ng6 11. e5 f5 12. a4 Be7 13. f4 c5 14. c3 Qd7 15. Kh1 c4 16. Bg1 O-O-O 17. Ne3 h5 18. b3 cxb3 19. Rfb1 Qc6 20.
Rxb3 Kd7 21. c4 dxc4 22. Rc3 Ke8 23. Rxc4 Qb7 24. Rxc7 Qxc7 25. d5 Rxd5 26. Nxd5 exd5 27. Rd1 Qc4 28.
Qf3 Nf8 29. Rd4 Qc6 30. Rxd5 Ne6 31. Qd3 g6 32. Qb3 Qc8 33. a5 Kf7 34. axb6 axb6 35. Qxb6 Qb8 1/2-1/2

[Event "IV Elllobregat Open Chess Tmnt"]
[Site "Sant Boi de Llobregat, Spain"]
[Date "2023.12.03"]
[Round "4.34"]
[White "Alinasab, Mobina"]
[Black "Vaishali, Rameshbabu"]
[Result "1/2-1/2"]
[TimeControl "90min/40moves + 15min/end + 30sec from move 1"]
[WhiteFideId "12528897"]
[BlackFideId "5091756"]
[WhiteElo "2306"]
[BlackElo "2467"]

1. e4 c5 2. Nc3 Nc6 3. f4 g6 4. Nf3 Bg7 5. Bb5 Nd4 6. O-O a6 7. Bd3 d6 8. Nxd4
cxd4 9. Ne2 Nf6 10. c3 dxc3 11. dxc3 Qb6+ 12. Kh1 Bd7 13. Qe1 O-O 14. Ng3 Rac8
15. a4 Be6 16. Qe2 Qc6 17. Bd2 Bc4 18. Bxc4 Qxc4 19. Rfe1 Qxe2 20. Rxe2
Rc6 21. Be3 Nd7 22. Nf1 Rfc8 23. Nd2 Nc5 24. Bxc5 Rxc5 25. Ra3 Kf8 26. Kg1 e6 27. Rb3 b5 28. Rb4 Ke7 29.
Kf1 Kd7 30. g3 Bf8 31. Re1 bxa4 32. Rxa4 Rb8 33. Rb1 Rb6 34. Ke2 f5 35. Kd3 Bg7
36. Kc2 Kc7 37. Nb3 Rcb5 38. Nd2 fxe4 39. Nxe4 d5 40. Ng5 h6 41. Nf3 Bxc3 42. b3 Bf6 43. Ne5 g5 44.
Nd3 Kd6 45. b4 Bd4 46. Rb3 Rc6+ 47. Kd2 Kc7 48. Rba3 Kb7 49. h4 gxh4 50. gxh4
h5 51. Ke2 Rbb6 52. b5 Rc4 53. bxa6+ Ka7 54. Kd2 Rb1 55. Rxc4 dxc4 56. Ra4 cxd3
57. Rxd4 Rh1 58. Kxd3 Rxh4 59. Ke3 Rh1 60. Kf2 Kxa6 61. Rd6+ Kb7 62. Rxe6 Kc7 63. Kg2 Kd7 64. Re5 Rh4 65. Kg3 Rh1 66. Re2 Rg1+ 67. Kf3 h4 68. Rh2 Rg3+ 69.
Kf2 Rg4 70. Kf3 Rg3+ 71. Kf2 1/2-1/2

[Event "IV Elllobregat Open Chess Tmnt"]
[Site "Sant Boi de Llobregat, Spain"]
[Date "2023.12.03"]
[Round "4.35"]
[White "Fernandez Guillen, Ernesto J."]
[Black "Ahmad, Khagan"]
[Result "0-1"]
[TimeControl "90min/40moves + 15min/end + 30sec from move 1"]
[WhiteFideId "3512428"]
[BlackFideId "13431552"]
[WhiteElo "2462"]
[BlackElo "2285"]

1. e4 c5 2. Nf3 Nc6 3. d4 cxd4 4. Nxd4 Nf6 5. Nc3 e5 6. Ndb5 d6 7. Bg5 a6 8. Na3 b5 9. Nd5 Be7 10.
Bxf6 Bxf6 11. c4 Nd4 12. Bd3 Be6 13. O-O Bxd5 14. cxd5 O-O 15. Nc2 Nxc2 16. Qxc2 Rc8 17. Qe2 Qa5 18.
a3 Rc7 19. b4 Qa4 20. Qd1 Qxd1 21. Rfxd1 g6 22. a4 Rc3 23. axb5 axb5 24. Kf1 Rb8 25. Ke2 Bd8 26. Rdb1 Bb6 27.
f3 Kf8 28. Kd2 Bd4 29. Ra5 Rbc8 30. g3 h5 31. f4 h4 32. Ke2 hxg3 33. hxg3 Kg7 34. fxe5 Rh8 35. Rd1 Bxe5 36. Rf1 Rh2+ 37.
Ke3 Rg2 38. Rf3 g5 39. g4 Rb3 40. Rxb5 Bf4+ 41. Kd4 Rd2 42. e5 Bxe5+ 43. Ke4 f5+ 44. gxf5 Kf6 45. Rb8 g4 46. Re3 g3 47.
Rf8+ Kg7 48. Rb8 Rdxd3 0-1

[Event "IV Elllobregat Open Chess Tmnt"]
[Site "Sant Boi de Llobregat, Spain"]
[Date "2023.12.03"]
[Round "4.36"]
[White "Escobar Forero, Alder"]
[Black "Sherman, Raem"]
[Result "0-1"]
[TimeControl "90min/40moves + 15min/end + 30sec from move 1"]
[WhiteFideId "4400801"]
[BlackFideId "2822288"]
[WhiteElo "2450"]
[BlackElo "2278"]

1. e4 e6 2. d3 d5 3. Qe2 Nc6 4. Nf3 Nf6 5. e5 Nd7 6. g3 f6 7. d4 fxe5 8. dxe5 Be7 9. Bf4 O-O 10.
h4 b5 11. Nc3 a6 12. O-O-O Nc5 13. Qe3 Qe8 14. Bg2 Na5 15. Nd4 Kh8 16. b3 Ncb7 17. Qe1 Ba3+ 18. Kb1 c5 19. Nf3 Bd7 20.
Ne2 Nc6 21. Bd2 a5 22. Nf4 a4 23. h5 Ra7 24. Ng6+ Kg8 25. Nxf8 Qxf8 26. g4 Qa8 27. Qe2 Nb4 28. Bxb4 Bxb4 29.
Rh3 Na5 30. c3 axb3 31. Nd2 bxa2+ 32. Ka1 Ba3 33. c4 Nxc4 34. Nxc4 bxc4 35. Rc3 Rb7 36. Rc2 Ba4 37. Rxd5 Bxc2 38.
Qxc2 Rb1+ 39. Kxa2 Bb2+ 0-1

[Event "IV Elllobregat Open Chess Tmnt"]
[Site "Sant Boi de Llobregat, Spain"]
[Date "2023.12.03"]
[Round "4.37"]
[White "Peyrer, Konstantin"]
[Black "Pogorelov, Ruslan"]
[Result "1-0"]
[TimeControl "90min/40moves + 15min/end + 30sec from move 1"]
[WhiteFideId "1640879"]
[BlackFideId "14100363"]
[WhiteElo "2447"]
[BlackElo "2271"]

1. e4 c5 2. Nf3 e6 3. d4 cxd4 4. Nxd4 Nf6 5. Nc3 d6 6. g4 e5 7. Nf5 h5 8. Bg5 hxg4 9. Nd5 Bxf5 10.
Bxf6 gxf6 11. exf5 Nc6 12. c3 Rh4 13. Qa4 Bh6 14. Bb5 Kf8 15. Bxc6 bxc6 16. Qxc6 Rc8 17. Qa6 Kg7 18. Rd1 Qd7 19.
Qe2 Rb8 20. Rg1 Qxf5 21. h3 Rxh3 22. Qxg4+ Qxg4 23. Rxg4+ Bg5 24. b3 Kh6 25. Ra4 Rb7 26. c4 Kg7 27. Ke2 f5 28. Rg1 f6 29.
Ra6 Kf7 30. Rxd6 e4 31. c5 Rb5 32. b4 Ra3 33. Ra1 a5 34. Rb6 Rxb4 35. Nxb4 axb4 36. Rxb4 Rc3 37. Rb2 f4 38. a4 f3+ 39.
Kd1 e3 40. a5 e2+ 41. Ke1 Rxc5 42. Rb3 Rd5 43. Rxf3 Bd2+ 44. Kxe2 Bxa5 45. Rd1 Rc5 46. Rd7+ Ke6 47. Ra7 Bc3 48.
Re3+ Kf5 49. Ra4 Bb2 50. Rd3 Kg5 51. Rb3 Be5 52. Ke3 Bc7 53. Rab4 Rf5 54. Rb5 Be5 55. R3b4 Kg6 56. Ke2 Kg5 57.
Rb7 Bf4 58. Rg7+ Kh6 59. Rg4 Bd6 60. Rb1 Re5+ 61. Kd3 Rg5 62. Rbg1 Kg6 63. Rxg5+ fxg5 64. Ke4 Bc5 65. Rg2 Kf6 66.
f3 Be7 67. Rg1 Bf8 68. Ra1 Kg6 69. Ra6+ Kh5 70. Ra8 Bd6 71. Kd5 Bf4 72. Rh8 Kg6 73. Ke6 Be3 74. Re8 Bf4 75. Rh8 Be3 76.
Ke5 Bf4+ 77. Ke4 Bd2 78. Kd3 Bf4 79. Ke2 Bd6 80. Rd8 Bf4 81. Kf2 Kf5 82. Rf8+ Kg6 83. Kg2 Be3 84. Kg3 Kg7 85.
Rf5 Kh6 86. Kg4 Kg6 87. Re5 Bf4 88. Re6+ Kf7 89. Kf5 1-0

[Event "IV Elllobregat Open Chess Tmnt"]
[Site "Sant Boi de Llobregat, Spain"]
[Date "2023.12.03"]
[Round "4.38"]
[White "Haldorsen, Benjamin"]
[Black "Nurgaliyev, Sauat"]
[Result "1/2-1/2"]
[TimeControl "90min/40moves + 15min/end + 30sec from move 1"]
[WhiteFideId "1512633"]
[BlackFideId "13726285"]
[WhiteElo "2445"]
[BlackElo "2235"]

1. e4 c5 2. c3 Nf6 3. e5 Nd5 4. Nf3 e6 5. d4 cxd4 6. cxd4 d6 7. Bc4 Nc6 8. Qe2 Be7 9. O-O O-O 10.
a3 Qb6 11. Rd1 Na5 12. Bxd5 exd5 13. Nc3 Be6 14. Bg5 Bxg5 15. Nxg5 h6 16. Nxe6 fxe6 17. exd6 Qxd6 18. Rd3 Rf6 19.
Re1 Raf8 20. f3 Nc6 21. b4 Ne7 22. Qe5 Qa6 23. Red1 Rc8 24. Ne2 Ng6 25. Qe3 Rc2 26. R1d2 Rc4 27.
Rc3 b5 28. Rxc4 bxc4 29. Qc3 Ne7 30. Ng3 Qb6 31. Qe3 Ng6 32. Ne2 Rf8 33. g3 Qd6 34. Kg2 Ne7 35. Rb2 Nf5 36. Qc3 Re8 37.
f4 Qa6 38. g4 Nd6 39. Qe3 Qa4 40. Ng3 Qd1 41. Re2 Qb1 42. Qe5 Nf7 43. Qc7 Qg6 44. f5 Qxg4 45. Rxe6 Rxe6 46. Qc8+ Kh7 47.
Qxe6 Ng5 48. Qg6+ Kh8 49. Qe8+ Kh7 50. Qg6+ Kh8 1/2-1/2

[Event "IV Elllobregat Open Chess Tmnt"]
[Site "Sant Boi de Llobregat, Spain"]
[Date "2023.12.03"]
[Round "4.39"]
[White "Johansson, Linus"]
[Black "Van Der Hagen, Loek"]
[Result "1-0"]
[TimeControl "90min/40moves + 15min/end + 30sec from move 1"]
[WhiteFideId "1711113"]
[BlackFideId "1052853"]
[WhiteElo "2439"]
[BlackElo "2200"]

1. c4 Nf6 2. Nc3 g6 3. e4 d6 4. d4 Bg7 5. Be2 e5 6. d5 a5 7. h4 Na6 8. h5 Nc5 9. hxg6 fxg6 10.
Qc2 Bd7 11. Be3 b6 12. Nh3 h6 13. O-O-O Qe7 14. Rdg1 g5 15. g4 Nh7 16. Bd1 Nf8 17. Ne2 Ng6 18. Ng3 Nf4 19. f3 Ncd3+ 20. Kb1 Nxh3 21. Rxh3 Nf4 22. Rh2 Kf7 23. Qd2 Qf6 24. Bc2 Rhb8 25. Qd1 a4 26. Rgh1 Rh8 27. Bc1 Ra7 28. Re1 Rha8 29.
Re3 Qd8 30. Ra3 Ra5 31. Bd2 R5a7 32. Rh1 Qf6 33. Nf5 Ra6 34. Rh2 R6a7 35. Ne3 Qd8 36. Qh1 Qf6 37. Nd1 Kg8 38. Nc3 Qd8 39.
Nb5 Ra6 40. Qd1 Qc8 41. Bb4 Kh7 42. Bxa4 h5 43. Nc3 h4 44. Bxd7 Qxd7 45. Rxa6 Rxa6 46. Qf1 c5 47. Ba3 Ra8 48. Nb5 Rf8 49. b3 Qe7 50.
Bc1 Ng6 51. Rf2 Rf7 52. Nc3 Nf4 53. Nd1 Qd8 54. Ne3 Kg6 55. Nf5 Bf6 56. a4 Ra7 57. Ra2 Rh7 58. Rh2 Ra7 59. Qd1 Qd7 60.
Qc2 Qd8 61. Be3 Rh7 62. Kc1 Qd7 63. Kd1 Bd8 64. Ke1 Bf6 65. Kf1 Rh8 66. Kg1 Kf7 67. Kh1 Ra8 68. Rd2 Qc7 69. Kh2 Ng6 70.
Rd1 Ne7 71. Rb1 Nxf5 72. gxf5 Rg8 73. Kh3 Qa7 74. Rg1 Rg7 75. Qc1 Qe7 76. Qd2 Qe8 77. Rg2 Qd8 78. b4 Kg8 79. bxc5 bxc5 80.
a5 Kh7 81. Rg4 Qe7 82. a6 Qd8 83. a7 Rxa7 84. Bxg5 Ra3 85. Bxf6 Qxf6 86. Qg2 1-0

[Event "IV Elllobregat Open Chess Tmnt"]
[Site "Sant Boi de Llobregat, Spain"]
[Date "2023.12.03"]
[Round "4.40"]
[White "Wahedi, Ahmad Siar"]
[Black "Siddharth, Jagadeesh"]
[Result "0-1"]
[TimeControl "90min/40moves + 15min/end + 30sec from move 1"]
[WhiteFideId "4651260"]
[BlackFideId "5818320"]
[WhiteElo "2275"]
[BlackElo "2438"]

1. d4 Nf6 2. Nf3 g6 3. c4 Bg7 4. Nc3 O-O 5. e3 c5 6. d5 d6 7. Be2 e6 8. dxe6 Bxe6 9. Ng5 Bf5 10.
h4 h6 11. g4 Bd7 12. Nh3 Bc6 13. Bf3 Nfd7 14. Bxc6 Nxc6 15. Qxd6 Nce5 16. h5 Nxc4 17. Qd5 Ncb6 18. Qg2 Ne5 19.
g5 hxg5 20. Bd2 Nbc4 21. Rd1 Nxb2 22. f4 Nec4 23. Nd5 Nxd1 24. Kxd1 Nxd2 25. Qxd2 Qxd5 26. Qxd5 Rad8 27. Qd2 Rxd2+ 28. Kxd2 Rd8+ 29. Kc2 gxf4 30. Nxf4 gxh5 31. Rxh5 b6 32.
a4 Kf8 33. Nd5 Re8 34. Kd3 Re5 35. Rxe5 Bxe5 36. Kc4 Ke8 37. e4 Kd7 38. Kb5 Kc8 39. Ka6 c4 40. Kb5 c3 41. Nb4 Kd7 42. Nd3 Kd6 43. Kc4 Bg7 44.
Kb3 a6 45. Kc4 b5+ 46. axb5 axb5+ 47. Kb4 Bd4 48. Kb3 Ke6 49. Kc2 Kf6 50. Nb4 Ke5 51. Kd3 Bc5 52. Nc6+ Kd6 53. Na5 Bb6 54.
Nb3 Ke5 55. Kxc3 Kxe4 56. Nd2+ Ke3 57. Kc2 f5 58. Kd1 f4 59. Nf1+ Kf2 60. Nd2 f3 61. Ne4+ Kg2 0-1

[Event "IV Elllobregat Open Chess Tmnt"]
[Site "Sant Boi de Llobregat, Spain"]
[Date "2023.12.03"]
[Round "4.41"]
[White "Fromm, Marius"]
[Black "Banos, Oscar"]
[Result "1-0"]
[TimeControl "90min/40moves + 15min/end + 30sec from move 1"]
[WhiteFideId "12993190"]
[BlackFideId "107174"]
[WhiteElo "2437"]
[BlackElo "2188"]

1. e4 c5 2. Nf3 Nc6 3. Bb5 g6 4. O-O Bg7 5. Bxc6 dxc6 6. d3 Nf6 7. h3 Nd7 8. Nc3 e5 9. Be3 b6 10.
Qd2 h6 11. Nh2 Nf8 12. f4 exf4 13. Bxf4 Ne6 14. Be3 c4 15. Qf2 O-O 16. dxc4 h5 17. Nf3 Ba6 18. e5 Bxc4 19. Rfd1 Qe7 20.
b3 Ba6 21. Ne4 Rad8 22. c4 Rxd1+ 23. Rxd1 Rd8 24. Rd6 Rxd6 25. exd6 Qd7 26. Qh4 Kf8 27. c5 f5 28. Nf6 Qd8 29.
Ng5 Bc8 30. Qc4 Bxf6 31. Nxe6+ Bxe6 32. Qxe6 Kg7 33. d7 bxc5 34. Bxc5 Qa5 35. Bf8+ 1-0

[Event "IV Elllobregat Open Chess Tmnt"]
[Site "Sant Boi de Llobregat, Spain"]
[Date "2023.12.03"]
[Round "4.42"]
[White "Dukic, Zachary"]
[Black "Kochavi, Ori"]
[Result "0-1"]
[TimeControl "90min/40moves + 15min/end + 30sec from move 1"]
[WhiteFideId "2617188"]
[BlackFideId "2816873"]
[WhiteElo "2233"]
[BlackElo "2430"]

1. e4 c6 2. d4 d5 3. e5 Bf5 4. Nf3 e6 5. Be2 Bg6 6. O-O Ne7 7. c3 Nf5 8. g4 Nh6 9. Ng5 c5 10.
f4 Qb6 11. Na3 Nc6 12. Be3 a6 13. Nc2 Be7 14. h4 Qxb2 15. f5 exf5 16. Rb1 Qxa2 17. h5 f4 18. hxg6 Bxg5 19. gxf7+ Nxf7 20.
Bxf4 Bxf4 21. Rxf4 O-O 22. Ne3 cxd4 23. cxd4 Ng5 24. Ra1 Qb2 25. Rb1 Qa3 26. Rb3 Qa2 27. Nxd5 Rxf4 28. Nxf4 Nxd4 29.
Bc4+ Kh8 30. Rc3 Ndf3+ 31. Kf1 Nd2+ 32. Kg1 Nxc4 33. Qd4 Nd2 0-1

[Event "IV Elllobregat Open Chess Tmnt"]
[Site "Sant Boi de Llobregat, Spain"]
[Date "2023.12.03"]
[Round "4.43"]
[White "Kamalidenova, Meruert"]
[Black "Peralta, Fernando"]
[Result "0-1"]
[TimeControl "90min/40moves + 15min/end + 30sec from move 1"]
[WhiteFideId "13712802"]
[BlackFideId "105309"]
[WhiteElo "2359"]
[BlackElo "2580"]

1. e4 c6 2. d4 d5 3. Nd2 dxe4 4. Nxe4 Nf6 5. Nxf6+ exf6 6. c3 Bd6 7. Bd3 O-O 8. Qc2 Re8+ 9.
Ne2 h6 10. O-O Nd7 11. Bf4 Nf8 12. Bxd6 Qxd6 13. Rfe1 Be6 14. Ng3 g6 15. Ne4 Qd8 16. h3 b6 17. Re2 Kg7 18. Nd2 Qd7 19.
Rae1 Rad8 20. Qa4 h5 21. Be4 Rc8 22. Bf3 h4 23. Nf1 b5 24. Qb4 Nh7 25. Re3 Ng5 26. Nd2 c5 27. Qa5 cxd4 28.
cxd4 Qxd4 29. Nb3 Nxf3+ 30. Rxf3 Bxb3 31. Rxb3 Rc2 32. Rf1 Ree2 33. Rf3 Rxb2 34. a3 Red2 35. Qc3 Qxc3 36. Rxc3 a5 37.
Re3 a4 0-1

[Event "IV Elllobregat Open Chess Tmnt"]
[Site "Sant Boi de Llobregat, Spain"]
[Date "2023.12.03"]
[Round "4.44"]
[White "Sankalp, Gupta"]
[Black "Sattarov, Bobir"]
[Result "1-0"]
[TimeControl "90min/40moves + 15min/end + 30sec from move 1"]
[WhiteFideId "5097010"]
[BlackFideId "14203081"]
[WhiteElo "2523"]
[BlackElo "2353"]

1. e4 e5 2. Nf3 Nc6 3. Bb5 a6 4. Ba4 Nf6 5. O-O Nxe4 6. d4 b5 7. Bb3 d5 8. dxe5 Be6 9. c3 Bc5 10.
Nbd2 O-O 11. Bc2 Nxf2 12. Rxf2 f6 13. Nf1 Bxf2+ 14. Kxf2 fxe5 15. Kg1 Qd7 16. a4 Rad8 17. Bg5 Rde8 18.
Bh4 e4 19. Nd4 Bg4 20. Qc1 Ne5 21. b4 Be2 22. Nxe2 Qg4 23. Qd1 Qxh4 24. Qxd5+ Kh8 25. Qd4 Ng4 26. h3 Rd8 27. Qc5 Rf2 28.
Nfg3 e3 29. Re1 Rd2 30. Bf5 Kg8 31. Be6+ Kh8 32. Qc6 g6 33. Bxg4 Rfxe2 34. Rxe2 Qxg3 35. Qf6+ 1-0

[Event "IV Elllobregat Open Chess Tmnt"]
[Site "Sant Boi de Llobregat, Spain"]
[Date "2023.12.03"]
[Round "4.45"]
[White "Jerez Perez, Alfonso"]
[Black "Samadov, Read"]
[Result "0-1"]
[TimeControl "90min/40moves + 15min/end + 30sec from move 1"]
[WhiteFideId "2204100"]
[BlackFideId "13417444"]
[WhiteElo "2350"]
[BlackElo "2506"]

1. e4 c5 2. c3 d5 3. exd5 Nf6 4. d4 Nxd5 5. Nf3 cxd4 6. Nxd4 e5 7. Nf3 Nc6 8. Bc4 Be6 9. Qe2 f6 10.
O-O Qd7 11. a4 Be7 12. Be3 O-O 13. Nbd2 Rfd8 14. Rfd1 Qe8 15. Ne4 Qg6 16. Nc5 Bxc5 17. Bxc5 Kh8 18. Be3 Rd7 19. Bxd5 Bxd5 20.
c4 Be6 21. Rxd7 Bxd7 22. Ne1 e4 23. Qc2 Ne5 24. Bf4 Nd3 25. Nxd3 exd3 26. Qd2 Bc6 27. Bg3 Re8 28. h4 Re2 29.
Qb4 h5 30. c5 d2 31. Qc3 Qe4 32. f3 Qd5 0-1

[Event "IV Elllobregat Open Chess Tmnt"]
[Site "Sant Boi de Llobregat, Spain"]
[Date "2023.12.03"]
[Round "4.46"]
[White "Lopez Martinez, Josep Manuel"]
[Black "Mathieu, Phileas"]
[Result "1-0"]
[TimeControl "90min/40moves + 15min/end + 30sec from move 1"]
[WhiteFideId "2212943"]
[BlackFideId "36048410"]
[WhiteElo "2474"]
[BlackElo "2346"]

1. d4 d5 2. c4 c6 3. Nf3 Nf6 4. e3 e6 5. b3 Nbd7 6. Bb2 Bd6 7. Bd3 O-O 8. Nbd2 b6 9. O-O Qc7 10.
Rc1 Bb7 11. Qc2 h6 12. a3 Rae8 13. b4 Qb8 14. c5 Bc7 15. e4 bxc5 16. dxc5 Ne5 17. Bxe5 Bxe5 18. Nxe5 Qxe5 19. Rfe1 Qc7 20.
e5 Nd7 21. Nf3 f6 22. Bg6 fxe5 23. Bxe8 Rxe8 24. Qg6 Re7 25. Qg3 1-0

[Event "IV Elllobregat Open Chess Tmnt"]
[Site "Sant Boi de Llobregat, Spain"]
[Date "2023.12.03"]
[Round "4.47"]
[White "Kaasen, Tor Fredrik"]
[Black "Ohler, Julius"]
[Result "1-0"]
[TimeControl "90min/40moves + 15min/end + 30sec from move 1"]
[WhiteFideId "1516647"]
[BlackFideId "16238982"]
[WhiteElo "2471"]
[BlackElo "2273"]

1. Nf3 d5 2. d4 Bf5 3. c4 e6 4. Nc3 c6 5. Qb3 Qb6 6. c5 Qc7 7. Bf4 Qc8 8. Nh4 Ne7 9. e3 Ng6 10.
Nxf5 exf5 11. Bg3 Nd7 12. Bd3 Nf6 13. f3 Nh5 14. Bf2 Be7 15. g3 Bd8 16. Qc2 Ne7 17. h3 g6 18. g4 Ng7 19.
O-O-O O-O 20. gxf5 Nexf5 21. h4 h5 22. e4 dxe4 23. fxe4 Nh6 24. e5 b6 25. Ne4 bxc5 26. Nd6 Qg4 27.
Qd2 Nhf5 28. Rdg1 Qf3 29. Be4 Ba5 30. Bxf3 Bxd2+ 31. Kxd2 cxd4 32. Nxf5 Nxf5 33. Be4 1-0

[Event "IV Elllobregat Open Chess Tmnt"]
[Site "Sant Boi de Llobregat, Spain"]
[Date "2023.12.03"]
[Round "4.48"]
[White "Habans Aguerrea, Javier"]
[Black "Garcia Ramos, Daniel"]
[Result "1/2-1/2"]
[TimeControl "90min/40moves + 15min/end + 30sec from move 1"]
[WhiteFideId "24524689"]
[BlackFideId "32010311"]
[WhiteElo "2345"]
[BlackElo "2461"]

1. c4 e6 2. g3 Nf6 3. Bg2 d5 4. Nf3 Be7 5. d4 O-O 6. O-O Nbd7 7. Qc2 a5 8. Nbd2 c5 9. dxc5 Nxc5 10.
b3 Bd7 11. Bb2 Rc8 12. Bd4 b5 13. cxd5 Nxd5 14. Qb2 f6 15. Rac1 Be8 16. Rfd1 Bf7 17. Nf1 Qb6 18. Ne3 Nb4 19.
Nc2 Nxc2 20. Rxc2 Bg6 21. Rcc1 Rfd8 22. Be3 Be4 23. Rxd8+ Qxd8 24. Nd4 Bxg2 25. Kxg2 Qd5+ 26. Kg1 b4 27.
Qc2 Rd8 28. Qc4 Bf8 29. Qb5 Ne4 30. Qxd5 exd5 31. Ne6 Re8 32. Nc7 Rd8 33. Ne6 Re8 34. Nc7 Rd8 35. Bb6 Nc3 36. Rc2 a4 37.
Bd4 axb3 38. axb3 Ne4 39. f3 Ng5 40. h4 Nf7 41. Ne6 Re8 42. Nxf8 Rxf8 43. Rc5 Rd8 44. Rb5 Ne5 45. Bxe5 fxe5 46.
Kf2 Kf7 47. g4 d4 48. Rxe5 d3 49. Ke1 dxe2 50. Kxe2 Rc8 51. Kf2 Rc2+ 52. Re2 Rc3 53. Re3 Rc2+ 54. Kg3 Rb2 55. h5 Kf6 56.
Kf4 h6 57. Rd3 Ke6 58. Ke4 Rb1 59. Re3 Kf6 60. Kf4 Rb2 61. Kg3 Rb1 62. Rd3 Ke5 63. Kf2 Kf6 64. Ke3 Rb2 65. Ke4 Ke6 66.
f4 Rb1 67. Rg3 Re1+ 68. Re3 Rd1 69. g5 hxg5 70. fxg5 Rh1 71. Kf4+ Kf7 72. Kg4 Rb1 73. Rf3+ Kg8 74. Kf5 Kh7 75.
Rh3 Rf1+ 76. Kg4 Rg1+ 77. Rg3 Rh1 78. Rg2 Rb1 79. Rg3 Rh1 80. Kf5 Rf1+ 81. Ke6 Rh1 82. h6 gxh6 83. gxh6 Rxh6+ 84. Kd5 Rh4 85. Kc5 Rf4 86.
Rg5 Kh6 87. Rg8 Kh7 88. Rg1 Kh6 89. Kb5 Kh7 90. Ka5 Kh6 91. Rg2 Kh7 92. Kb5 Kh6 93. Kc5 Kh7 94. Rd2 Kg6 95. Rd4 Rf3 96.
Kxb4 Kf5 97. Kc4 Ke6 98. b4 Rf7 99. b5 Rd7 100. Rh4 Kd6 101. Rh6+ Kc7 102. Kc5 1/2-1/2

[Event "IV Elllobregat Open Chess Tmnt"]
[Site "Sant Boi de Llobregat, Spain"]
[Date "2023.12.03"]
[Round "4.49"]
[White "Salinas Tomas, Daniel"]
[Black "Akbas, Umut Ata"]
[Result "1-0"]
[TimeControl "90min/40moves + 15min/end + 30sec from move 1"]
[WhiteFideId "24597716"]
[BlackFideId "44572646"]
[WhiteElo "2281"]
[BlackElo "2446"]

1. d4 Nf6 2. c4 g6 3. g3 Bg7 4. Bg2 d5 5. cxd5 Nxd5 6. e4 Nb6 7. Ne2 O-O 8. O-O Nc6 9. d5 Na5 10.
Nbc3 c6 11. Bf4 e5 12. Be3 cxd5 13. exd5 Nac4 14. Bc5 Re8 15. b3 Nd6 16. a4 Bf8 17. Rc1 Bf5 18. a5 Nd7 19. Bxd6 Bxd6 20.
Nb5 Nc5 21. Nxd6 Qxd6 22. Nc3 Qd7 23. b4 Na6 24. Qb3 Red8 25. Rfe1 Qd6 26. g4 Bd7 27. Ne4 Qxb4 28. Qh3 h5 29.
Qe3 Qf8 30. Nf6+ Kh8 31. Qxe5 Qg7 32. gxh5 Bf5 33. d6 Nb4 34. h6 Qxh6 35. Nd5+ Qg7 36. Qxg7+ Kxg7 37. Nxb4 Rxd6 38. a6 Rb8 39.
Bxb7 Rd4 40. Nc6 Rg4+ 41. Kh1 Rh8 42. Nxa7 Rgh4 43. Re3 Rxh2+ 44. Kg1 R2h4 45. Nb5 Rg4+ 46. Rg3 Rb4 47. a7 Rxb5 48. a8=Q Rxa8 49. Bxa8 Be6 50. Re1 Ra5 51. Be4 Kf6 52. Ree3 Rb5 53.
Bd3 Rc5 54. Kf1 Rc1+ 55. Ke2 Rc5 56. Kd2 Bd5 57. Be4 Be6 58. Bc2 Rd5+ 59. Ke1 Rd7 60. Rgf3+ Kg7 61. Rxe6 fxe6 62. Rg3 e5 63.
Rxg6+ Kf7 64. Rc6 Rb7 65. Ke2 Rb4 66. Ke3 Ke7 67. Bf5 Kf7 68. f3 Ra4 69. Re6 Ra3+ 70. Ke4 Ra4+ 71. Kxe5 Ra5+ 72.
Kf4 1-0

[Event "IV Elllobregat Open Chess Tmnt"]
[Site "Sant Boi de Llobregat, Spain"]
[Date "2023.12.03"]
[Round "4.50"]
[White "Tyurin, Artem"]
[Black "Trost, Edvin"]
[Result "1/2-1/2"]
[TimeControl "90min/40moves + 15min/end + 30sec from move 1"]
[WhiteFideId "44130112"]
[BlackFideId "1729519"]
[WhiteElo "2302"]
[BlackElo "2440"]

1. c4 c6 2. d4 d5 3. Nf3 Nf6 4.
e3 Bf5 5. Nc3 e6 6. Nh4 Bg6 7. Nxg6 hxg6 8. Bd2 Nbd7 9. Qc2 Rc8 10. O-O-O dxc4 11. Bxc4 b5 12. Be2 a6 13. e4 c5 14.
d5 e5 15. d6 Bxd6 16. g4 Nb6 17. g5 Nfd7 18. Be3 Rc6 19. h4 c4 20. h5 gxh5 21. Bxh5 Bc5 22. Qe2 Bxe3+ 23. Qxe3 g6 24.
Bg4 Rxh1 25. Rxh1 Nf8 26. Nd5 Nxd5 27. exd5 Rd6 28. Qxe5+ Qe7 29. Re1 Qxe5 30. Rxe5+ Kd8 31. f4 Nd7 32. Bxd7 Rxd7 33. Kc2 b4 34. a3 bxa3 35. bxa3 Rb7 1/2-1/2

[Event "IV Elllobregat Open Chess Tmnt"]
[Site "Sant Boi de Llobregat, Spain"]
[Date "2023.12.03"]
[Round "4.51"]
[White "Proudian, Armen"]
[Black "Kairbekova, Amina"]
[Result "1-0"]
[TimeControl "90min/40moves + 15min/end + 30sec from move 1"]
[WhiteFideId "2130734"]
[BlackFideId "13712799"]
[WhiteElo "2428"]
[BlackElo "2228"]

1. e4 c5 2. Nf3 e6 3. d4 cxd4 4. Nxd4 Nf6 5. Nc3 Nc6 6. Nxc6 bxc6 7. e5 Nd5 8. Ne4 Bb7 9. c4 Nb4 10.
c5 Qb8 11. f4 Ba6 12. Be2 Bxe2 13. Qxe2 Be7 14. O-O Qb5 15. Qxb5 cxb5 16. Bd2 Nc6 17. b4 O-O 18. Rfd1 f6 19.
exf6 gxf6 20. Bc3 a5 21. Rxd7 axb4 22. Bb2 Rf7 23. Kf1 f5 24. Nd6 Nb8 25. Rc7 Na6 26. Rc6 Rff8 27. Be5 Rfd8 28.
Rd1 Rd7 29. Rd3 Kf8 30. Rg3 Bd8 31. Nxb5 Bh4 32. Bd6+ Kf7 33. Rh3 Nb8 34. Rc8 1-0